 Dungeon Crawl Stone Soup version 0.25-a0-265-g7af84ae0ac (webtiles) character file.

Game seed: 4959804077538998799, levelgen mode: deterministic

41 mortelune the Firebug (level 3, -7/19 HPs)
             Began as a Deep Elf Fire Elementalist on Dec 7, 2019.
             Mangled by Terence
             ... wielding a +3 falchion of slicing
              (8 damage)
             ... on level 3 of the Dungeon.
             The game lasted 00:06:58 (2536 turns).

mortelune the Firebug (Deep Elf Fire Elementalist)  Turns: 2536, Time: 00:06:58

Health: -7/19      AC:  3    Str:  5    XL:     3   Next: 32%
Magic:  6/9        EV: 13    Int: 20    God:
Gold:   73         SH:  0    Dex: 15    Spells: 4/8 levels left

rFire    . . .     SeeInvis .   m - +2 trident (flame)
rCold    . . .     Gourm    .   (no shield)
rNeg     . . .     Faith    .   a - +0 robe
rPois    .         Spirit   .   (no helmet)
rElec    .         Reflect  .   (no cloak)
rCorr    .         Harm     .   (no gloves)
MR       .....                  i - +0 pair of boots
Stlth    ++........             (no amulet)
HPRegen  0.06/turn              (no ring)
MPRegen  0.11/turn              (no ring)

@: flying
A: no striking features
a: no special abilities


You were on level 3 of the Dungeon.
You were very hungry.

You visited 1 branch of the dungeon, and saw 3 of its levels.

You collected 73 gold pieces.

Inventory:

Hand Weapons
 b - a +0 dagger
 m - a +2 trident of flaming (weapon)
Armour
 a - a +0 robe (worn)
 i - a +0 pair of boots (worn)
Scrolls
 j - a scroll of magic mapping {unknown}
 k - a scroll of teleportation {unknown}
 l - a scroll of noise {unknown}
 o - a scroll of identify {unknown}
 p - a scroll of immolation {unknown}
Potions
 f - a potion of heal wounds {unknown}
 g - a potion of brilliance {unknown}
 h - a potion of lignification {unknown}
 n - a potion of curing {unknown}
Comestibles
 c - 2 rations


   Skills:
 + Level 2.8 Dodging
 - Level 2.4 Stealth
 + Level 3.4 Spellcasting
 * Level 2.2 Conjurations
 * Level 3.9 Fire Magic


You had 4 spell levels left.
You knew the following spells:

 Your Spells              Type           Power        Failure   Level  Hunger
a - Foxfire               Conj/Fire      ###.         3%          1    None
b - Conjure Flame         Conj/Fire      ###.....     12%         3    ###....

Your spell library contained the following spells:

 Spells                   Type           Power        Failure   Level  Hunger
 Inner Flame              Hex/Fire       ##......     19%         3    ###....
 Sticky Flame             Conj/Fire      ###.....     36%         4    ####...
 Fireball                 Conj/Fire      ###.......   71%         5    ######.


Dungeon Overview and Level Annotations

Branches:
Dungeon (2/15)

Altars:

Annotations:
D:3 Terence


Message History

As you read the scroll labeled TODUOX FUAQOI, it crumbles to dust.
It is a scroll of amnesia.
Really abort (and waste the scroll)? [Y]es or [N]o only, please.
Really abort (and waste the scroll)?
Okay, then.
Terence hits you with a +3 falchion of slicing!
The goblin barely misses you. Terence hits you but does no damage.
The kobold closely misses you. The goblin hits you but does no damage.
The kobold hits you with a +0 dagger.
* * * LOW HITPOINT WARNING * * *
The goblin hits you from afar with a +0 spear.
* * * LOW HITPOINT WARNING * * *
Okay, then.
It was a potion of flight.
You feel very buoyant.
You fly up into the air.
Terence hits you with a +3 falchion of slicing!
You die...

####..........#
#..........#
#..........#
#..........#
#######..........##
.........)).รท..g.>#
#.###............K#
#.# #....########@#
#.# #...(# #..@.#
#.# #....# #.####
#.# #....# # #.#
#....# #.# #....#
#.#


You could see Terence and a kobold.

Vanquished Creatures
  2 oozes (D:1)
  3 leopard geckos
  An orc (D:3)
  5 goblins
  A hobgoblin (D:1)
  A ball python (D:2)
  3 bats
  7 kobolds
  7 rats
30 creatures vanquished.

Vanquished Creatures (others)
  68 foxfires
68 creatures vanquished.

Grand Total: 98 creatures vanquished

Notes
Turn   | Place    | Note
-------+----------+-------------------------------------------
     0 | D:1      | mortelune the Deep Elf Fire Elementalist began the quest
                  | for the Orb.
     0 | D:1      | Reached XP level 1. HP: 10/10 MP: 6/6
   449 | D:1      | Reached XP level 2. HP: 15/15 MP: 6/8
  1534 | D:2      | Reached XP level 3. HP: 19/19 MP: 7/9
  1555 | D:2      | Learned a level 3 spell: Conjure Flame
  2019 | D:2      | You fall into a shaft and drop 1 floor!
  2478 | D:3      | Noticed Terence
  2536 | D:3      | Mangled by Terence

Levels and vault maps discovered:
D:1:      erik_arrival_gehennom, layout_basic, minmay_misc_feat_rows
D:2:      layout_basic, uniq_robin, uniq_jessica
D:3:      layout_basic, eat_drink_and_be_merry_uskayaw, uniq_terence

Skill      XL: |  1  2 |
---------------+-------+-----
Conjurations   | 2 |  2.2
Dodging        | |  2.8
Stealth        | |  2.4
Spellcasting   | |  3.4
Fire Magic     | |  3.9

Action                   || total
-------------------------++-------
Melee: Dagger            ||    27
 Cast: Foxfire           ||    39
       Conjure Flame     ||     3
  Use: Scroll            ||     1
       Potion            ||     1
  Eat: Chunk             ||     4
Armor: Robe              ||     8
Dodge: Dodged            ||    29

Table legend:
 A = Non-vault XP
 B = Vault XP
 C = Vault XP percentage of total XP
 D = Non-vault monster count
 E = Vault monster count
 F = Vault count percentage of total count
                 A         B        C        D         E       F
            +---------+---------+-------+---------+---------+-------
      Total |      39 |      20 |  33.9 |      24 |       6 |  20.0
            +---------+---------+-------+---------+---------+-------
        D:1 |      15 |      19 |  55.9 |      10 |       5 |  33.3
        D:2 |      11 |       1 |   8.3 |       7 |       1 |  12.5
        D:3 |      13 |       0 |   0.0 |       7 |       0 |   0.0
            +---------+---------+-------+---------+---------+-------
